 Dungeon Crawl Stone Soup version 0.26-a0-27-g1f0226971c (webtiles) character file.

Game seed: 11755015274104796807, levelgen mode: deterministic

58 Esekla the Grasshopper (level 4, -4/29 HPs)
             Began as an Octopode Warper on May 27, 2020.
             Killed from afar by an orc wizard (6 damage)
             ... with a magic dart
             ... on level 3 of the Dungeon.
             The game lasted 00:06:49 (1214 turns).

Esekla the Grasshopper (Octopode Warper)            Turns: 1214, Time: 00:06:50

Health: -4/29      AC:  1    Str: 10    XL:     4   Next: 1%
Magic:  6/7        EV: 14    Int: 22    God:
Gold:   136        SH:  0    Dex: 11    Spells: 2/7 levels left

rFire    . . .     SeeInvis .   a - +0 falchion
rCold    . . .     Gourm    .   (no shield)
rNeg     . . .     Faith    .   (helmet restricted)
rPois    .         Spirit   .   (no amulet)
rElec    .         Reflect  .   m - +6 ring of intelligence
rCorr    .         Harm     .   (no ring)
MR       .....                  (no ring)
Stlth    +++.......             (no ring)
HPRegen  0.09/turn              (no ring)
MPRegen  0.10/turn              (no ring)
                                (no ring)
                                (no ring)

@: very slightly contaminated
A: almost no armour, stealthy swim, amphibious, 8 rings, constrict 8, camouflage
1, gelatinous body 1
a: no special abilities


You were on level 3 of the Dungeon.
You were not hungry.

You visited 1 branch of the dungeon, and saw 3 of its levels.

You collected 136 gold pieces.

Inventory:

Hand Weapons
 a - a +0 falchion (weapon)
Missiles
 d - 5 boomerangs of dispersal (quivered)
 h - 14 poisoned darts
Jewellery
 m - a +6 ring of intelligence (left tentacle)
Scrolls
 b - a scroll of teleportation {unknown}
 c - a scroll of blinking
 g - a scroll of immolation {unknown}
 i - 3 scrolls of identify {unknown}
 j - 2 scrolls of magic mapping {unknown}
 k - 2 scrolls of remove curse {unknown}
 p - a scroll of amnesia {unknown}
 r - a scroll of enchant armour {unknown}
Potions
 e - a potion of brilliance {unknown}
 l - a potion of heal wounds {unknown}
 n - a potion of curing {unknown}
 o - a potion of invisibility {unknown}
 q - a potion of mutation {unknown}
Comestibles
 f - 5 rations


   Skills:
 + Level 2.1 Fighting
 * Level 2.5 Long Blades
 - Level 1.0 Throwing
 * Level 3.0 Dodging
 + Level 1.5 Stealth
 + Level 2.2 Spellcasting
 * Level 0.5 Charms
 * Level 3.2 Translocations


You had 2 spell levels left.
You knew the following spells:

 Your Spells              Type           Power        Failure   Level  Hunger
a - Apportation           Tloc           ###...       3%          1    None
b - Blink                 Tloc           N/A          5%          2    ##.....
g - Shroud of Golubria    Chrm/Tloc      ##....       10%         2    ##.....

Your spell library contained the following spells:

 Spells                   Type           Power        Failure   Level  Hunger
 Animate Skeleton         Necr           N/A          14%         1    None
 Corona                   Hex            #......      14%         1    None
 Summon Small Mammal      Summ           #...         14%         1    None
 Gell's Gravitas          Tloc           ###.......   11%         3    ###....
 Lesser Beckoning         Tloc           ###.......   11%         3    ###....
 Teleport Other           Tloc           ###.....     11%         3    ###....
 Passage of Golubria      Tloc           N/A          34%         4    ####...


Dungeon Overview and Level Annotations

Branches:
Dungeon (3/15)

Altars:

Annotations:
D:2 1 runed translucent door, Crazy Yiuf


Innate Abilities, Weirdness & Mutations

You cannot wear most types of armour.
You are very stealthy in the water. (Stealth+)
You are amphibious.
You can wear up to eight rings at the same time.
You can use your tentacles to constrict eight enemies at once.
Your skin changes colour to match your surroundings (Stealth+).
Your rubbery body absorbs attacks. (AC +1, EV +1)


Message History

The orc wizard is severely wounded.
You constrict the orc wizard.
The orc wizard hits you with a +0 dagger.
The orc wizard mumbles some strange words.
The orc wizard blinks free!
The orc wizard casts a spell.
The orc wizard blinks!
The orc wizard gestures at you while chanting.
The magic dart hits you!
* * * LOW HITPOINT WARNING * * *
The orc wizard hits you but does no damage.
The orc wizard points at you and mumbles some strange words.
The magic dart hits you.
* * * LOW HITPOINT WARNING * * *
You hit the orc wizard. You grab the orc wizard.
The orc wizard is almost dead.
You constrict the orc wizard. The orc wizard casts a spell at you.
The magic dart hits you.
You die...

..................#
..................#
.........##...#####
.........##.<.# #
.........##...######.#
......................
......#...####........
......#....)..........
......#....###@o......
..............>.......
.#####................
#....####........
#....†...######+#
#.....o......
#.#.....)....
...+..?....... ###
#..........


You could see an orc wizard (fast).

Vanquished Creatures
  An adder (D:2)
  An adder zombie (D:2)
  A dart slug (D:2)
  A leopard gecko (D:2)
  4 orcs (D:3)
  2 ball pythons
  5 bats
  2 giant cockroaches
  5 hobgoblins
  A jackal (D:1)
  A quokka (D:2)
  5 frilled lizards
  2 goblins
  2 kobolds (D:1)
  5 rats
38 creatures vanquished.

Notes
Turn   | Place    | Note
-------+----------+-------------------------------------------
     0 | D:1      | Esekla the Octopode Warper began the quest for the Orb.
     0 | D:1      | Reached XP level 1. HP: 14/14 MP: 3/3
   294 | D:1      | Reached XP level 2. HP: 19/19 MP: 5/5
   298 | D:1      | Learned a level 2 spell: Shroud of Golubria
   301 | D:1      | Learned a level 2 spell: Blink
   872 | D:2      | Reached XP level 3. HP: 24/24 MP: 1/6
   875 | D:2      | Reached skill level 1 in Stealth
   993 | D:2      | Learned a level 1 spell: Apportation
  1036 | D:2      | Found a runed translucent door.
  1037 | D:2      | Noticed Crazy Yiuf
  1204 | D:3      | Reached XP level 4. HP: 24/29 MP: 5/7
  1214 | D:3      | Killed from afar by an orc wizard

Illustrated notes

Levels and vault maps discovered:
D:1:      psy_arrival_statuary, layout_loops_cross, st_stairs_5,
          minmay_misc_feat_doors, kennysheep_pointless_box,
          chequers_serial_rivers_micro_b, minmay_tall_x
D:2:      layout_loops_ring, first_ration, minmay_worlds_worst_comb,
          uniq_crazy_yiuf_cottage
D:3:      layout_basic, lemuel_round_altar, ashenzari_altar_1

Skill      XL: |  1  2  3 |
---------------+----------+-----
Dodging        | 3 |  3.0
Stealth        | 1 |  1.5
Fighting       | |  2.1
Long Blades    | |  2.5
Throwing       | |  1.0
Spellcasting   | |  2.2
Charms         | |  0.5
Translocations | |  3.2

Action                   |  1- 3 |  4- 6 || total
-------------------------+-------+-------++-------
Melee: Falchion          |    67 |     5 ||    72
       Constrict         |    15 |     2 ||    17
       Tentacles         |    10 |     1 ||    11
 Cast: Shroud of Golubri |     3 |       ||     3
 Stab: Sleeping          |     9 |       ||     9
  Eat: Chunk             |     1 |       ||     1
Armor: Skin              |     2 |     1 ||     3
Dodge: Dodged            |    44 |     3 ||    47
       Rpst.: Falchion   |    19 |     1 ||    20

Table legend:
 A = Non-vault XP
 B = Vault XP
 C = Vault XP percentage of total XP
 D = Non-vault monster count
 E = Vault monster count
 F = Vault count percentage of total count
                 A         B        C        D         E       F
            +---------+---------+-------+---------+---------+-------
      Total |      71 |      12 |  14.5 |      31 |       7 |  18.4
            +---------+---------+-------+---------+---------+-------
        D:1 |      15 |      12 |  44.4 |      11 |       7 |  38.9
        D:2 |      37 |       0 |   0.0 |      12 |       0 |   0.0
        D:3 |      19 |       0 |   0.0 |       8 |       0 |   0.0
            +---------+---------+-------+---------+---------+-------
